 Dungeon Crawl Stone Soup version 0.31.0-12-g77e489cdc1 (webtiles) character file.

Game seed: 5715238234599306881

281175 bearlyready the Brawler (level 21, -20/218 HPs)
             Began as a Formicid Shapeshifter on Feb 12, 2024.
             Was the Champion of Cheibriados.
             Killed by Lee's Rapid Deconstruction
             ... invoked by a deep elf elementalist
              (36 damage)
             ... on level 3 of the Elven Halls on Feb 13, 2024.
             The game lasted 01:25:37 (39393 turns).

bearlyready the Brawler (Formicid Shapeshifter)    Turns: 39393, Time: 01:25:38

Health: -20/218    AC: 41    Str: 44    XL:     21   Next: 36%
Magic:  16/27      EV: 23    Int: 22    God:    Cheibriados [******]
Gold:   2868       SH: 11    Dex: 30    Spells: 16/20 levels left

rFire   . .          .
                       - Unarmed
rCold   . . .        F - +1 buckler {AC+3}
rNeg    + . .        W - melded +4 plate armour {rC+}
rPois   ∞            (helmet unavailable)
rElec   +            Y - +1 cloak {Will+}
rCorr   .            (gloves currently unavailable)
SInv    +            i - melded +0 pair of boots
Will    +++..        s - amulet of the acrobat
Stlth   ++           o - +5 ring of evasion
HPRegen 0.56/turn    O - +4 ring of protection
MPRegen 0.20/turn

%: acrobat
@: statue-form, very slow
A: slow and powerful, torment resistance 1, boosted hp, permanent stasis, dig
shafts and tunnels, antennae 3, four strong arms, deformed body, dopey 1, poison
resistance
}: 2/15 runes: decaying, gossamer
a: Dig, Shaft Self, Begin Untransformation, Renounce Religion, Bend Time,
Temporal Distortion, Slouch, Step From Time


You were on level 3 of the Elven Halls.
You worshipped Cheibriados.
Cheibriados was exalted by your worship.
You were a living statue of rough stone.
You visited 7 branches of the dungeon, and saw 34 of its levels.
You also visited: Bailey and Gauntlet.

You collected 3187 gold pieces.
You spent 319 gold pieces at shops.

Inventory:

Missiles
 q - 10 javelins
 C - 38 poisoned darts
 E - 5 curare-tipped darts
 J - 18 boomerangs (quivered)
 M - 2 atropa-tipped darts
 Q - 3 throwing nets
Armour
 i - a +0 pair of boots (melded)
 F - a +1 buckler of protection (worn)
 W - a +4 plate armour of cold resistance (melded)
 Y - a +1 cloak of willpower (worn)
Magical Staves
 r - the staff of Cooleach {rPois rF- rC++ Stlth+ Conj}
   (You took it off a minotaur in a Gauntlet)

   [staff of conjuration]

   Base accuracy: +5 Base damage: 5 Base attack delay: 1.2 This weapon's minimum
   attack delay (0.6) is reached at skill level 12.
   rF-:       It makes you vulnerable to fire.
   rC++:      It greatly protects you from cold.
   rPois:     It protects you from poison Stlth+: It makes you more stealthy.
   Conj:      It increases the power of your Conjurations spells.
   It falls into the 'Staves' category.
   It is a weapon for one hand-pair.
Jewellery
 h - the ring "Wyurrim" {rF+ rCorr Int+2 Dex+6 SInv}
   (You found it in a Gauntlet)

   [ring of dexterity]

   Int+2:     It affects your intelligence (+2).
   Dex+6:     It affects your dexterity (+6).
   rF+:       It protects you from fire.
   SInv:      It lets you see invisible.
   rCorr:     It protects you from acid and corrosion.
 o - a +5 ring of evasion (left fist)
 p - a ring of protection from fire
 s - an amulet of the acrobat (around neck)
 O - a +4 ring of protection (right fist)
Talismans
 c - a beast talisman
 d - a flux talisman
 u - a serpent talisman
 X - a granite talisman (active)
Wands
 f - a wand of iceblast (16)
 k - a wand of flame (68)
 w - a wand of digging (1)
 D - a wand of mindburst (6)
 K - a wand of charming (35)
 N - a wand of polymorph (6)
Scrolls
 b - 5 scrolls of enchant armour
 e - 2 scrolls of fear
 j - 4 scrolls of poison
 m - 8 scrolls of noise
 v - 2 scrolls of immolation
 y - a scroll of silence
 G - a scroll of revelation
 H - 4 scrolls of fog
 L - 5 scrolls of torment
 S - 3 scrolls of vulnerability
 T - 4 scrolls of amnesia
Potions
 a - 7 potions of mutation
 g - 4 potions of resistance
 n - 2 potions of berserk rage
 t - 6 potions of enlightenment
 x - 6 potions of brilliance
 A - 13 potions of curing
 B - a potion of cancellation
 I - 2 potions of heal wounds
 P - 8 potions of attraction
 R - 5 potions of lignification
 U - a potion of magic
 V - 5 potions of ambrosia
Miscellaneous
 l - a phial of floods
 z - a tin of tremorstones (inert)
 Z - a lightning rod (4/4)


   Skills:
 - Level 15.0 Fighting
 - Level 3.0 Throwing
 - Level 10.0 Armour
 - Level 6.0 Dodging
 + Level 16.6 Shields
 + Level 20.0 Unarmed Combat
 + Level 8.3 Invocations
 + Level 8.4 Evocations
 + Level 20.0 Shapeshifting


You had 16 spell levels left.
You knew the following spells:

 Your Spells              Type           Power      Damage    Failure   Level
a - Apportation           Tloc           0%         N/A       17%         1
b - Passwall              Erth           0%         N/A       45%         3

Your spell library contained the following spells:

 Spells                   Type           Power      Damage    Failure   Level
 Foxfire                  Conj/Fire      0%         2x1d4     17%         1
 Freeze                   Ice            0%         1d3       17%         1
 Necrotise                Necr           0%         1d4       17%         1
 Slow                     Hex            0%         N/A       17%         1
 Sting                    Conj/Alch      0%         1d3       17%         1
 Summon Small Mammal      Summ           0%         N/A       17%         1
 Cigotuvi's Dreadful Rot  Necr/Alch/Air  0%         N/A       26%         2
 Ensorcelled Hibernation  Hex/Ice        0%         N/A       26%         2
 Mercury Vapours          Alch/Air       0%         N/A       26%         2
 Scorch                   Fire           0%         2d5       26%         2
 Confusing Touch          Hex            0%         N/A       45%         3
 Frozen Ramparts          Ice            0%         1d1       45%         3
 Hailstorm                Conj/Ice       0%         3d5       45%         3
 Sigil of Binding         Hex            0%         N/A       45%         3
 Tukima's Dance           Hex            0%         N/A       45%         3
 Vampiric Draining        Necr           0%         2d6       45%         3
 Anguish                  Hex/Necr       0%         N/A       86%         4
 Cause Fear               Hex            0%         N/A       86%         4
 Dimensional Bullseye     Hex/Tloc       0%         N/A       86%         4
 Flame Wave               Conj/Fire      0%         2d4       86%         4
 Ignite Poison            Fire/Alch      0%         N/A       86%         4
 Iskenderun's Mystic Bla  Conj/Tloc      0%         2d3       86%         4
 Leda's Liquefaction      Alch/Erth      0%         N/A       86%         4
 Olgreb's Toxic Radiance  Alch           0%         N/A       86%         4
 Freezing Cloud           Conj/Ice/Air   0%         6-21      99%         5
 Iskenderun's Battlesphe  Conj           0%         2d6       99%         5
 Lee's Rapid Deconstruct  Erth           0%         3d4*      99%         5
 Bombard                  Conj/Erth      0%         9d1       100%        6
 Plasma Beam              Fire/Air       0%         2x1d10    100%        6
 Sculpt Simulacrum        Ice/Alch       0%         N/A       100%        6
 Starburst                Conj/Fire      0%         6d3       100%        6
 Summon Cactus Giant      Summ           0%         N/A       100%        6
 Enfeeble                 Hex            0%         N/A       100%        7
 Ozocubu's Refrigeration  Ice            0%         4d7       100%        7
 Spellforged Servitor     Conj/Summ      0%         N/A       100%        7
 Polar Vortex             Ice            0%         N/A       100%        9
 Swiftness                Air            Unusable   N/A       N/A         3

Dungeon Overview and Level Annotations

Branches:
Dungeon (15/15)            Temple (1/1) D:4            Lair (5/5) D:9
  Swamp (4/4) Lair:3       Spider (4/4) Lair:3        Slime (0/5) Lair:4
    Orc (2/2) D:10            Elf (3/3) Orc:2        Vaults (0/5) D:13
 Depths (0/4) D:15         Bailey (visited)         Gauntlet (visited)

Altars:
Ashenzari
Cheibriados
Dithmenos
Elyvilon
Fedhas
Gozag
Hepliaklqana
Kikubaaqudgha
Makhleb
Nemelex Xobeh
Okawaru
Qazlal
Ru
Sif Muna
Trog
Uskayaw
Vehumet
Wu Jian
Xom
Yredelemnul
Zin
The Shining One
Jiyva

Shops:
D:1 *(:?(   D:4 *   D:5 (*[   D:7 [   D:13 :   Orc:2 (!*[   Elf:3 [(

Annotations:
Lair:4 1 runed translucent door
Swamp:2 Roxanne
Elf:2 3 runed translucent doors


Innate Abilities, Weirdness & Mutations

You are a living statue of rough stone.
Your actions are slow, but your melee attacks are powerful.
You are resistant to unholy torment.
Your maximum health is greatly increased.
Your equipment is partially melded.
You cannot be hasted, slowed, berserked, paralysed or teleported.
You can dig through walls and to a lower floor.
You are immune to poison.
You have a pair of large antennae on your head. (SInv)
Your four strong arms can wield two-handed weapons with a shield.
Armour fits poorly on your strangely shaped body.
You are dopey. (Int -2)
Your system is resistant to poisons. (rPois)


Message History

Throw: 18 boomerangs
Press: ? - help, Q - select action, (/) - cycle Shift-Dir - straight line, f/p - deep elf high priest
Aim: a deep elf high priest, wielding a +0 shortbow (severely wounded, 65% to hit)
You throw a boomerang.
The boomerang hits the deep elf high priest but does no damage.
The deep elf high priest is severely wounded.
The deep elf high priest calls down the wrath of its god upon you.
Something smites you!
* * * LOW HITPOINT WARNING * * *
The deep elf high priest utters a dark prayer and points at you.
Your life force is offered up.
* * * LOW HITPOINT WARNING * * *
The deep elf high priest is healed.
Throw: 18 boomerangs
Press: ? - help, Q - select action, (/) - cycle Shift-Dir - straight line, f/p - deep elf high priest
Aim: a deep elf high priest, wielding a +0 shortbow (severely wounded, 65% to hit)
Okay, then.
Aiming: Iceblast
Press: ? - help, Shift-Dir - straight line, f/p - deep elf high priest
Aim: a deep elf high priest, wielding a +0 shortbow (severely wounded)
The mass of ice explodes!
The iceblast engulfs the deep elf high priest!!
You kill the deep elf high priest!
Cheibriados appreciates the change of pace.
You hear a shout!
You start resting.
A deep elf annihilator is nearby!
You beat the deep elf annihilator into a bloody pulp!!!!
You kill the deep elf annihilator!
Cheibriados appreciates the change of pace.
A deep elf elementalist comes into view.
It is wielding a +0 short sword.
Aiming: Iceblast
Press: ? - help, Shift-Dir - straight line, f - deep elf elementalist
Aim: a deep elf elementalist, wielding a +0 short sword (repelling missiles)
The mass of ice explodes!
The iceblast engulfs the deep elf elementalist!!
The deep elf elementalist is heavily wounded.
The deep elf elementalist gestures at you while chanting.
You shatter!!!
You die...

##...........#.....##
######.#######...######
#.# ##'##..... #.#
#.##.#### #.# #.##.# #.
#.# ##(##.# #. #.#
##...#.# #.
##.######......###.
#)8#.).......#....#
##)##############.##
#)e)## ######. ##)..#
#...#.. ##$))# ##.##..
##...# #..... .$...#
####.. .....(# #..
{...e...# ##.


You could see a deep elf elementalist (repels missiles).

Vanquished Creatures
  Mlioglotl (Swamp:4)
  3 deep elf blademasters
  2 thorn hunters
  Kirke (D:12)
  Frances (Swamp:1)
  2 deep elf master archers (Elf:3)
  2 fenstrider witches (Swamp:2)
  2 deep elf sorcerers (Elf:3)
  6 emperor scorpions
  Louise (Spider:3)
  3 deep elf elementalists (Elf:3)
  4 ghost moths
  A broodmother (Spider:3)
  A ghoul (Swamp:2)
  A stone giant (D:11)
  Nessos (Lair:5)
  4 deep elf demonologists (Elf:3)
  5 eleionomae
  5 deep elf death magi (Elf:3)
  2 bunyips
  3 spark wasps
  4 deep elf annihilators
  A minotaur (Gauntlet)
  6 entropy weavers
  2 deep elf high priests (Elf:3)
  A fire dragon (D:11)
  A rakshasa (D:15)
  A jorogumo (Spider:4)
  A great orb of eyes (D:15)
  2 spriggan air magi
  2 ogre magi
  3 shambling mangroves
  3 vault guards (D:13)
  2 radroaches
  A ghost crab (Swamp:2)
  26 hydras
  8 alligators
  2 catoblepae
  10 centaur warriors
  An anaconda (D:13)
  8 two-headed ogres
  2 death knights
  13 dancing weapons
  5 boulder beetles
  2 tengu warriors (D:13)
  A death yak (D:14)
  5 demonic crawlers
  5 orc high priests (Orc:2)
  Urug (Lair:5)
  A soul eater (Gauntlet)
  11 deep elf knights
  A skeletal warrior (D:15)
  3 skysharks (D:13)
  5 pharaoh ants
  2 goliath frogs
  A deep troll (D:11)
  2 flayed ghosts (D:11)
  3 bog bodies
  3 sun moths
  A death drake (Swamp:2)
  7 spriggan druids
  An obsidian statue (Gauntlet)
  12 orb spiders
  15 swamp dragons
  13 steelbarb worms
  13 deep elf archers
  22 deep elf pyromancers
  21 deep elf zephyrmancers
  4 orc knights
  A necromancer (D:14)
  5 cyclopes
  6 orc sorcerers (Orc:2)
  22 wolf spiders
  10 will-o-the-wisps
  15 ugly things
  A kobold blastminer (Orc:2)
  3 manticores
  Maurice (D:7)
  7 meliai
  4 moths of wrath
  A black mamba (shapeshifter) (Elf:3)
  5 black mambas
  9 elephants (Lair:2)
  8 torpor snails
  A cane toad (shapeshifter) (D:13)
  An ice statue (Lair:5)
  4 gargoyles
  17 cane toads
  4 rime drakes
  2 kobold demonologists
  2 efreet (D:15)
  2 unseen horrors (D:13)
  6 komodo dragons
  A rime drake (shapeshifter) (D:11)
  A tengu conjurer (D:11)
  A yaktaur (shapeshifter) (D:15)
  An ice devil (Lair:5)
  3 freezing wraiths (D:15)
  A troll (shapeshifter) (D:15)
  6 trolls
  Prince Ribbit (D:6)
  8 polar bears
  A wolf spider simulacrum (Gauntlet)
  20 hornets
  16 tarantellas
  30 blink frogs
  24 tyrant leeches
  20 dream sheep
  5 slime creatures
  3 centaur simulacra
  25 culicivoras
  3 air elementals
  35 jumping spiders
  2 shadows
  A vampire (D:12)
  5 wraiths
  3 water elementals
  20 spriggans
  48 yaks
  2 steam dragons
  8 vampire mosquitoes
  7 hogs (D:12)
  A warg (shapeshifter) (D:13)
  7 wyverns
  5 basilisks
  9 wargs (Orc:2)
  60 redbacks
  2 fire elementals
  A naga (shapeshifter) (D:11)
  A harpy simulacrum (Gauntlet)
  29 swamp worms
  2 death yak simulacra (D:14)
  A hydra simulacrum (D:14)
  5 acid dragons
  13 water moccasins
  14 ice beasts
  A laughing skull (D:11)
  4 swamp drakes (Swamp:4)
  9 orc warriors
  4 black bears
  A sky beast (D:3)
  13 ogres
  4 boggarts (Lair:5)
  31 wolves
  14 centaurs
  2 gnoll sergeants
  12 bullfrogs
  3 kobold brigands
  4 scorpions
  4 earth elementals
  5 wights (D:8)
  6 killer bees (D:9)
  4 elephant simulacra (D:14)
  2 electric eels
  7 howler monkeys
  A bombardier beetle (D:5)
  4 hounds
  Crazy Yiuf (D:3)
  24 orc priests
  Ijyb (D:4)
  A gnoll bouda (D:8)
  6 iguanas
  17 orc wizards
  4 hell rats (Lair:3)
  17 gnolls
  11 adders
  2 shadow imps (Gauntlet)
  A white imp (Lair:5)
  4 hell rat simulacra (D:14)
  2 ufetubi (D:6)
  2 ribbon worms
  73 orcs
  5 ball pythons
  10 endoplasms
  6 giant cockroaches
  9 goblins
  10 hobgoblins
  3 jackals (D:3)
  20 kobolds
  4 quokkas
  5 bats
  4 frilled lizards
  4 rats
1280 creatures vanquished.

Vanquished Creatures (collateral kills)
  A fire giant (D:11)
  A crystal guardian (D:11)
  A hydra (Swamp:2)
  3 goliath frogs (Swamp:2)
  A will-o-the-wisp (Swamp:2)
  2 spriggans (Swamp:2)
  2 vampire mosquitoes
  2 swamp worms (Swamp:2)
13 creatures vanquished.

Vanquished Creatures (others)
  A vault guard (D:13)
  A death yak (D:14)
  A goliath frog (Swamp:2)
  A deep elf pyromancer (Elf:2)
  2 deep elf zephyrmancers
  An ugly thing (D:13)
  A troll (shapeshifter) (Elf:1)
  4 bloated husks
  A jumping spider (Spider:3)
  A spriggan (Swamp:2)
  A redback (Spider:1)
  An orc wizard (D:10)
  45 foxfires
61 creatures vanquished.

Grand Total: 1354 creatures vanquished

Notes
Turn   | Place    | Note
-------+----------+-------------------------------------------
     0 | D:1      | bearlyready the Formicid Shapeshifter began the quest for
                  | the Orb.
     0 | D:1      | Reached XP level 1. HP: 15/15 MP: 1/1
    51 | D:1      | Found Zog Iku's Magic Scroll Shoppe.
   105 | D:1      | Found Roraed's Antique Weapon Emporium.
   181 | D:1      | Reached XP level 2. HP: 20/21 MP: 2/2
   221 | D:1      | Found Suem's Weapon Shoppe.
   240 | D:1      | Found Ujeifrakk's Book Emporium.
   499 | D:1      | Found Rezoa's Assorted Antiques.
   549 | D:1      | Reached XP level 3. HP: 25/26 MP: 3/3
   935 | D:2      | Reached XP level 4. HP: 28/32 MP: 4/4
  1589 | D:2      | Reached XP level 5. HP: 24/37 MP: 5/5
  1713 | D:2      | Identified the +0 scale mail of Anyhu {rElec rC+ Str+3}
  1865 | D:2      | Reached skill level 1 in Throwing
  2235 | D:3      | Noticed a sky beast
  2289 | D:3      | Killed a sky beast
  2290 | D:3      | Reached skill level 5 in Shapeshifting
  2290 | D:3      | Reached XP level 6. HP: 34/43 MP: 6/6
  2514 | D:3      | Found a runed translucent door.
  2515 | D:3      | Noticed Crazy Yiuf
  3055 | D:4      | Found an iron altar of Okawaru.
  3065 | D:4      | Reached skill level 5 in Unarmed Combat
  3147 | D:4      | Found Zosomnusm's General Store.
  3190 | D:4      | Gained mutation: Armour fits poorly on your strangely
                  | shaped body. [potion of mutation]
  3190 | D:4      | Gained mutation: You are dopey. (Int -2) [potion of
                  | mutation]
  3190 | D:4      | Gained mutation: Your system is resistant to poisons.
                  | (rPois) [potion of mutation]
  3192 | D:4      | Reached XP level 7. HP: 15/50 MP: 7/7
  3831 | D:4      | Found a staircase to the Ecumenical Temple.
  3835 | D:4      | Identified the +8 short sword "Thing" {flame, *Slow rElec
                  | Will+++ rCorr Dex-4}
  3843 | Temple   | Entered the Ecumenical Temple
  3853 | Temple   | Became a worshipper of Cheibriados the Contemplative
  4113 | D:4      | Noticed Ijyb
  4132 | D:4      | Killed Ijyb
  4457 | D:5      | Entered Level 5 of the Dungeon
  4457 | D:5      | Found Luhaith's Armour Boutique.
  4535 | D:5      | Reached skill level 1 in Evocations
  4715 | D:5      | Reached XP level 8. HP: 8/58 MP: 8/8
  5134 | D:5      | Found a shimmering blue altar of Sif Muna.
  5141 | D:5      | Reached * piety under Cheibriados
  5281 | D:5      | Found Ydysy's Assorted Antiques.
  5686 | D:5      | Found Jadghoysch's Weapon Shoppe.
  5774 | D:5      | Bought a +1 buckler of protection for 181 gold pieces
  5888 | D:6      | Reached skill level 1 in Shields
  6145 | D:6      | Noticed Prince Ribbit
  6152 | D:6      | Killed Prince Ribbit
  6153 | D:6      | Reached XP level 9. HP: 47/66 MP: 9/9
  6216 | D:6      | Found an opulent altar of Gozag.
  6218 | D:6      | Found an ornate altar of the Wu Jian Council.
  6247 | D:6      | Found a broken altar of Ashenzari.
  6252 | D:6      | Found a sparkling altar of Nemelex Xobeh.
  6440 | D:6      | Found a hazy altar of Hepliaklqana.
  6576 | D:7      | Noticed a hornet
  6587 | D:7      | Killed a hornet
  6588 | D:7      | Reached skill level 5 in Fighting
  6831 | D:7      | HP: 2/68 [gnoll/+0 spear[a gnoll sergeant] (7)]
  7086 | D:7      | Reached ** piety under Cheibriados
  7231 | D:7      | Noticed Maurice
  7235 | D:7      | Killed Maurice
  7236 | D:7      | Reached skill level 5 in Shields
  7698 | D:7      | Reached XP level 10. HP: 64/76 MP: 10/10
  7992 | D:7      | Found Ledof's Armour Emporium.
  8527 | D:8      | Noticed a boulder beetle
  8540 | D:8      | Killed a boulder beetle
  8896 | D:8      | Reached *** piety under Cheibriados
  9166 | D:9      | Found a staircase to the Lair.
  9264 | D:9      | Identified the +5 ring mail "Itiew" {Int+3}
  9290 | D:8      | HP: 1/76 [yak (13)]
  9395 | D:9      | Found a flagged portal.
  9413 | Bailey   | Entered a bailey
  9487 | Bailey   | Reached skill level 1 in Armour
  9490 | Bailey   | Reached skill level 1 in Invocations
  9490 | Bailey   | Reached XP level 11. HP: 47/81 MP: 11/11
  9494 | Bailey   | Reached **** piety under Cheibriados
  9694 | Bailey   | Noticed a two-headed ogre
  9699 | Bailey   | Killed a two-headed ogre
  9716 | Bailey   | Identified the +2 broad axe of Rutinatt {vamp, *Corrode
                  | Will+++ Str+4 Int-3}
 10558 | D:9      | Reached skill level 10 in Shields
 10642 | D:9      | Found a shimmering altar of Xom.
 10808 | D:10     | Entered Level 10 of the Dungeon
 10808 | D:10     | Found a glowing golden altar of the Shining One.
 10916 | D:10     | Reached skill level 10 in Shapeshifting
 10940 | D:10     | Found a staircase to the Orcish Mines.
 10959 | D:10     | Reached skill level 10 in Unarmed Combat
 10978 | D:10     | Reached ***** piety under Cheibriados
 11539 | D:10     | Reached XP level 12. HP: 57/88 MP: 14/14
 11633 | D:10     | Noticed a two-headed ogre
 11638 | D:10     | Killed a two-headed ogre
 12476 | D:11     | Noticed a crystal guardian
 12490 | D:11     | Killed a crystal guardian
 12588 | D:11     | Noticed a fire giant
 12598 | D:11     | Killed a fire giant
 12708 | Lair:1   | Entered Level 1 of the Lair of Beasts
 13187 | Lair:1   | Learned a level 1 spell: Apportation
 13191 | Lair:1   | Learned a level 3 spell: Passwall
 13336 | Lair:1   | Reached XP level 13. HP: 19/96 MP: 16/16
 13832 | Lair:2   | Noticed a catoblepas
 13845 | Lair:2   | HP: 3/96 [catoblepas (16)]
 13848 | Lair:2   | Killed a catoblepas
 13849 | Lair:2   | Reached skill level 5 in Invocations
 14166 | Lair:2   | Reached skill level 5 in Dodging
 14283 | Lair:2   | Reached ****** piety under Cheibriados
 15173 | Lair:2   | Noticed a seven-headed hydra
 15178 | Lair:2   | Killed a seven-headed hydra
 15737 | Lair:3   | Found a gate leading to a gauntlet.
 15748 | Gauntlet | Entered a Gauntlet
 15748 | Gauntlet | Found a transporter.
 15748 | Gauntlet | Found a transporter.
 15748 | Gauntlet | Found a runed translucent door.
 15748 | Gauntlet | Found a runed translucent door.
 15781 | Gauntlet | Found a transporter.
 15799 | Gauntlet | Found a transporter.
 15799 | Gauntlet | Found a transporter.
 15799 | Gauntlet | Found a transporter.
 15801 | Gauntlet | Found a transporter.
 15801 | Gauntlet | Found a transporter.
 15813 | Gauntlet | Found a transporter.
 15827 | Gauntlet | Noticed a green death
 15829 | Gauntlet | Found a transporter.
 15839 | Gauntlet | Found a transporter.
 15840 | Gauntlet | Found the +3 pair of mountain boots {steadfast, rC+}
 15853 | Gauntlet | Found a transporter.
 15887 | Gauntlet | Found a transporter.
 15888 | Gauntlet | Found a runed translucent door.
 15902 | Gauntlet | Found a transporter.
 15968 | Gauntlet | Identified the ring "Wyurrim" {rF+ rCorr Int+2 Dex+6 SInv}
 16235 | Gauntlet | Identified the staff of Cooleach {rPois rF- rC++ Stlth+
                  | Conj}
 16235 | Gauntlet | Noticed a minotaur
 16240 | Gauntlet | Killed a minotaur
 16460 | Lair:3   | Found a hole to the Spider Nest.
 16464 | Lair:3   | Reached XP level 14. HP: 108/108 MP: 17/17
 16749 | Lair:3   | Identified the +9 mace "Habboits" {heavy, rElec rN+ Int+3}
 16759 | Lair:3   | Identified the +5 short sword "Leblaseank" {venom, Str+4
                  | Dex+2}
 16963 | Lair:3   | Found a staircase to the Swamp.
 17292 | Lair:4   | Reached skill level 10 in Fighting
 17531 | Lair:4   | Found a transporter.
 17553 | Lair:4   | Found a transporter.
 18235 | Lair:4   | Found a runed translucent door.
 18236 | Lair:4   | Found a viscous altar of Jiyva.
 18236 | Lair:4   | Found a staircase to the Slime Pits.
 18236 | Lair:4   | Noticed an azure jelly
 18395 | Lair:5   | Entered Level 5 of the Lair of Beasts
 19057 | Lair:5   | Reached skill level 5 in Evocations
 19065 | Lair:5   | Reached XP level 15. HP: 118/119 MP: 18/18
 19760 | Lair:5   | Noticed Nessos
 19770 | Lair:5   | Killed Nessos
 20059 | Lair:5   | Noticed Urug
 20365 | Lair:5   | Killed Urug
 20492 | Lair:5   | Identified the +0 mace of Bunweid {spect, Int+4 Dex+4}
 21036 | D:3      | Killed Crazy Yiuf
 21495 | D:11     | Noticed a stone giant
 21511 | D:11     | Killed a stone giant
 21649 | D:11     | Identified the +0 helmet "Cymiz" {rN+}
 21717 | D:11     | Reached skill level 15 in Unarmed Combat
 21717 | D:11     | Reached skill level 15 in Shapeshifting
 22344 | D:12     | Noticed Kirke
 22349 | D:12     | Killed Kirke
 22922 | D:13     | Found Hisywesuana's Book Boutique.
 23082 | D:13     | Identified the +5 chain mail of the Miller {rF+}
 23160 | D:13     | Reached XP level 16. HP: 114/127 MP: 19/19
 23318 | D:13     | Found a gate to the Vaults.
 25224 | D:14     | Found a shimmering blue altar of Sif Muna.
 25287 | D:15     | Entered Level 15 of the Dungeon
 25591 | D:15     | Found a staircase to the Depths.
 25627 | D:15     | Reached XP level 17. HP: 133/133 MP: 20/20
 25893 | Orc:1    | Entered Level 1 of the Orcish Mines
 26087 | Orc:2    | Entered Level 2 of the Orcish Mines
 26196 | Orc:2    | Reached skill level 5 in Armour
 26196 | Orc:2    | Found Buuh's General Store.
 26203 | Orc:2    | Bought a scroll of fear for 60 gold pieces
 26588 | Orc:2    | Found Sunnagac's Armour Boutique.
 26635 | Orc:2    | Found a staircase to the Elven Halls.
 26677 | Orc:2    | Found Igetz's Antique Weapon Shoppe.
 26700 | Orc:2    | Found Jocwoqume's Distillery.
 26722 | Orc:2    | Bought a potion of curing for 39 gold pieces
 26722 | Orc:2    | Bought a potion of curing for 39 gold pieces
 27094 | Swamp:1  | Entered Level 1 of the Swamp
 27340 | Swamp:1  | Noticed Frances
 27359 | Swamp:1  | Killed Frances
 27611 | Swamp:1  | Identified the +1 leather armour of Wasted Space {rF+ rC+
                  | Regen+ Int+3}
 28362 | Swamp:2  | Reached XP level 18. HP: 141/141 MP: 21/21
 28418 | Swamp:2  | Noticed Roxanne
 28442 | Swamp:2  | HP: 9/183 [fenstrider witch (9)]
 28448 | Swamp:2  | HP: 3/183 [spore (28)]
 29513 | Swamp:3  | Identified the +4 leather armour "Ythym" {^Drain rC+ Int+7
                  | Dex-3}
 29528 | Swamp:3  | Identified the beast talisman of the Farmer {*Corrode rElec
                  | rC+}
 30210 | Swamp:4  | Entered Level 4 of the Swamp
 30433 | Swamp:4  | Noticed Mlioglotl
 30443 | Swamp:4  | Killed Mlioglotl
 31053 | Swamp:4  | Identified the staff of the Magi {rN+ rCorr Necro}
 31170 | Swamp:4  | Identified the +5 leather armour of Qocsaokke {+Inv Str+3
                  | Stlth+}
 31293 | Swamp:4  | Got a decaying rune of Zot
 31840 | Elf:1    | Entered Level 1 of the Elven Halls
 32036 | Spider:1 | Entered Level 1 of the Spider Nest
 32055 | Spider:1 | Reached XP level 19. HP: 151/151 MP: 22/22
 34304 | Spider:3 | Reached skill level 10 in Armour
 34412 | Spider:3 | Noticed Louise
 34430 | Spider:3 | Killed Louise
 34905 | Spider:4 | Entered Level 4 of the Spider Nest
 35032 | Spider:4 | Reached XP level 20. HP: 160/160 MP: 25/25
 35606 | Spider:4 | Reached skill level 15 in Fighting
 35796 | Spider:4 | Got a gossamer rune of Zot
 36025 | Spider:4 | Reached skill level 15 in Shields
 36712 | Elf:1    | Found a huge runed translucent gate.
 36714 | Elf:1    | Found a huge runed translucent gate.
 36715 | Elf:1    | Found a huge runed translucent gate.
 36715 | Elf:1    | Found a huge runed translucent gate.
 36716 | Elf:1    | Found a huge runed translucent gate.
 36717 | Elf:1    | Found a huge runed translucent gate.
 36717 | Elf:1    | Found a huge runed translucent gate.
 36717 | Elf:1    | Found a huge runed translucent gate.
 36717 | Elf:1    | Found a huge runed translucent gate.
 36718 | Elf:1    | Found a huge runed translucent gate.
 36718 | Elf:1    | Found a huge runed translucent gate.
 36718 | Elf:1    | Found a huge runed translucent gate.
 36718 | Elf:1    | Found a huge runed translucent gate.
 36718 | Elf:1    | Found a huge runed translucent gate.
 36718 | Elf:1    | Found a huge runed translucent gate.
 36718 | Elf:1    | Found a huge runed translucent gate.
 36718 | Elf:1    | Found a huge runed translucent gate.
 36719 | Elf:1    | Found a huge runed translucent gate.
 36719 | Elf:1    | Found a huge runed translucent gate.
 36720 | Elf:1    | Found a huge runed translucent gate.
 38352 | Elf:2    | Found a runed translucent gate.
 38352 | Elf:2    | Found a runed translucent gate.
 38352 | Elf:2    | Found a runed translucent gate.
 38410 | Elf:3    | Entered Level 3 of the Elven Halls
 38574 | Elf:3    | Reached XP level 21. HP: 168/168 MP: 26/26
 38797 | Elf:3    | Found Pidwe's Weapon Shoppe.
 38797 | Elf:3    | Found Ytiexzum's Armour Emporium.
 39338 | Elf:3    | Noticed a Brimstone Fiend
 39374 | Elf:3    | Identified the ring of Usoreczo {Fly rCorr Str+7 Int+2
                  | Dex-2}
 39393 | Elf:3    | Killed from afar by a deep elf elementalist

Illustrated notes

Levels and vault maps discovered:
D:1:      minmay_arrival_wavy_path, layout_loops_ring, serial_shops, shop, shop,
          shop, shop, shop, minmay_misc_feat_square
D:2:      layout_basic, grunt_ministairs_2, eino_tiny_chamber
D:3:      layout_basic, uniq_crazy_yiuf_cottage
D:4:      layout_layer_cave, mainiacjoe_overflow_concentric_impassable,
          minmay_temple_entry_mini_moons, serial_shops, shop, uniq_ijyb
D:5:      layout_loops_cross, amcnicky_altar_gilded, serial_shops, shop_statue,
          nicolae_shop_crystal, shop, kennysheep_small_circle
D:6:      layout_rooms, minitemple, worldfamousw_hep_ancestral_shrine,
          grunt_temple_overflow_open, serial_glass, glass_columns_a,
          glass_columns_b, glass_columns_c, uniq_prince_ribbit1
D:7:      layout_basic, serial_shops, nicolae_shop_hallway_plus, uniq_maurice
D:8:      layout_basic, hangedman_decor_opposing, st_stairs_13
D:9:      layout_irregular_city, lemuel_coloured_pillars_altar,
          lair_entry_dummy, enter_bailey_5
D:10:     layout_roguey, lemuel_crystal_altar, orc_0_dummy,
          hangedman_abyss_or_decor_jellyfish_corner,
          nicolae_kite_square_tiling_tiny, kennysheep_generic_room_9
D:11:     minmay_box_of_curves, layout_loops_ring, chequers_big_river
D:12:     layout_cave_pools, uniq_kirke
D:13:     kennysheep_blocky_room, layout_long_grid,
          lightli_vaults_fourway_checkpoint, serial_shops,
          nicolae_book_shop_shelving
D:14:     layout_rooms, hellmonk_sif_muna_bookshelves, eino_house_with_fridge
D:15:     gammafunk_enter_depths_forms, layout_cross, grunt_decor_mini_mirrors
Temple:   nicolae_temple_ecumenical_triangle
Lair:1:   layout_misc_corridors
Lair:2:   layout_loops_ring, lemuel_fruit_tree, grunt_megastairs_3
Lair:3:   layout_roguey, minmay_swamp_entry_worms, spider_nest_entry_webs,
          gauntlet_entry_generic, chequers_serial_rivers_micro_e,
          grunt_megastairs_4
Lair:4:   gammafunk_worm_tunnel, layout_regular_city, slime_entry_2,
          minivault_19, st_stairs_4
Lair:5:   minmay_lair_end_enchanted_forest, layout_regular_city, ice2_lemuel,
          uniq_urug, uniq_nessos
Swamp:1:  layout_basic_swamp, evilmike_swamp_ruin_house_6,
          nicolae_swamp_vermiculated, infiniplex_staircase_pool, uniq_frances
Swamp:2:  nzn_winding_woodlands_medium [nzn_winding_woodlands_5x5_three,
          nzn_winding_woodlands_5x15_crooked, nzn_winding_woodlands_5x5_cross,
          nzn_winding_woodlands_5x5_checkerboard,
          nzn_winding_woodlands_center_triple_pond,
          nzn_winding_woodlands_5x5_open_star,
          nzn_winding_woodlands_5x5_default, nzn_winding_woodlands_5x15_eye,
          nzn_winding_woodlands_5x5_perimeter], layout_basic_swamp,
          hangedman_swamp_lotus, swamp_pool_1_2, st_swamp_mini, uniq_roxanne
Swamp:3:  layout_basic_swamp, serial_swamp_ruin, evilmike_swamp_ruin_rubble_1,
          evilmike_swamp_ruin_house_2
Swamp:4:  swamp_alternative, layout_basic_swamp, swamp_pool_1_2,
          nicolae_swamp_some_circles, worms_lemuel, infiniplex_staircase_pool_2,
          uniq_mlioglotl
Spider:1: layout_cave_pods, nicolae_spider_eight_legs
Spider:2: layout_spider_delve
Spider:3: layout_spider_delve, hellmonk_test_site, uniq_louise
Spider:4: spider_rune_water, nicolae_spider_not_touching_you
Orc:1:    layout_diamond_mine, regret_index_xom_of_box
Orc:2:    st_orc_town, layout_caves, basic_altar, serial_shops, shop
Elf:1:    layout_loops_corners, hangedman_elf_represent
Elf:2:    nicolae_elf_blades_splatter_lattice [nicolae_blade_lattice],
          layout_geoelf_octagon, nicolae_elf_glass_and_crystal_pillar_2,
          drop_trap, uniq_aizul
Elf:3:    grunt_elf_hall_asides, layout_loops_corners, st_stairs_14,
          serial_library_regret_index_branch_corner, minmay_shoptagon

Skill      XL: |  1  2  3  4  5  6  7  8  9 10 11 12 13 14 15 16 17 18 19 20 21 |
---------------+----------------------------------------------------------------+-----
Shapeshifting  | 4 5 6 7 9 10 11 13 14 15 17 18 19 20 | 20.0
Unarmed Combat | 4 5 6 7 9 10 11 13 14 15 17 18 19 20 | 20.0
Throwing       | 2 3 |  3.0
Fighting       | 2 3 4 6 7 9 11 12 13 14 15 | 15.0
Evocations     | 2 3 4 5 7 8 |  8.4
Shields        | 3 5 8 10 11 13 14 16 | 16.6
Armour         | 1 4 7 9 10 | 10.0
Invocations    | 1 3 4 5 7 8 |  8.3
Dodging        | 4 5 6 |  6.0

Action                     |  1- 3 |  4- 6 |  7- 9 | 10-12 | 13-15 | 16-18 | 19-21 || total
---------------------------+-------+-------+-------+-------+-------+-------+-------++-------
  Melee: Unarmed           |    63 |   161 |   262 |   457 |   650 |   836 |   727 ||  3156
         Punch             |       |     4 |     7 |       |       |       |       ||    11
         Constrict         |       |       |       |       |   119 |    10 |       ||   129
  Throw: Stone             |       |     2 |       |       |       |     1 |       ||     3
         Dart              |       |       |       |     7 |     1 |       |       ||     8
         Boomerang         |       |       |       |       |    23 |    22 |    20 ||    65
         Javelin           |       |       |       |       |     2 |       |    13 ||    15
   Cast: Apportation       |       |       |       |       |       |     5 |       ||     5
 Invoke: Slouch            |       |       |       |     1 |     2 |     7 |     7 ||    17
         Step From Time    |       |       |       |       |       |     1 |       ||     1
Ability: Dig               |       |       |     1 |       |       |       |       ||     1
         Begin Untransform |       |       |       |       |       |     1 |       ||     1
  Evoke: Wand              |       |       |    16 |    39 |    17 |    17 |    34 ||   123
         Tin of tremorston |       |       |       |       |     2 |     3 |     5 ||    10
         Lightning rod     |       |       |       |       |       |     1 |       ||     1
         Phial of floods   |       |       |       |       |       |     1 |     1 ||     2
    Use: Potion            |       |     2 |     5 |     6 |     7 |     2 |       ||    22
         Scroll            |       |       |     7 |    10 |     4 |     4 |     2 ||    27
   Stab: Sleeping          |     1 |       |       |     1 |     3 |     4 |     2 ||    11
         Distracted        |       |       |       |     1 |     6 |       |     4 ||    11
 Armour: Animal skin       |    22 |    17 |       |       |       |       |       ||    39
         Skin              |       |     1 |    12 |    11 |   286 |   775 |   722 ||  1807
         Scale mail        |       |    45 |       |       |       |       |       ||    45
         Ring mail         |       |    16 |   145 |   203 |    84 |       |       ||   448
         Steam dragon scal |       |       |       |    12 |       |       |       ||    12
         Plate armour      |       |       |       |       |    19 |       |       ||    19
  Dodge: Dodged            |    30 |    90 |   116 |   288 |   566 |  1538 |  1412 ||  4040
  Block: Buckler           |       |       |    24 |   164 |    88 |   619 |   671 ||  1566
   Form: Beast             |       |       |       |     1 |     1 |       |       ||     2
         Flux              |       |       |       |     1 |       |       |       ||     1
         Serpent           |       |       |       |       |     2 |       |       ||     2
         Statue            |       |       |       |       |       |     2 |       ||     2
